Cogmind - Beta 16 @@@ ROGUE MODE // 2025.12.27 @ 16:33:23 Player: Jamba27 Result: Destroyed by H-66 Slayer with Gauss Rifle Performance ------------- Evolutions (4) 2000 Regions Visited (10) 2000 Robots Destroyed (54) 270 Value Destroyed (2048) 2048 Prototype IDs (30) 600 Alien Tech Used (0) 0 Bonus (1608) 1608 TOTAL SCORE: 8526 Bonus ------- Follower Combat Kills 108 Entered Garrisons 200 Used RIF Installer 1000 Aligned with FarCom 300 Cogmind --------- Core Integrity 0/850 Matter 117/300 Energy 100/100 System Corruption 15% Temperature Cool (0) Movement Core (50) Location -6/Factory Parts ------- > --- POWER (2) -------- (None) > --- PROPULSION (4) --- (None) > --- UTILITY (6) ------ (None) > --- WEAPON (3) ------- (None) > --- INVENTORY (5) ---- Compact Battery (37) Particle Charger Relay Coupler [Sentry] (30) Latent Energy Streamer Mace Peak State ------------ > --- POWER ------------ Light Fission Core Hybrid Fission Core > --- PROPULSION ------- Light Treads Light Treads Improved Treads Advanced Treads > --- UTILITY ---------- Advanced Heat Sink High-capacity Storage Unit Improved Targeting Computer Heavy Armor Plating Improved Shield Generator > --- WEAPON ----------- Precision Beam Rifle Latent Energy Streamer Improved Heavy Machine Gun > --- INVENTORY -------- Heavy Ion Engine Hybrid Fission Core Improved Cryofiber Web Improved Heat Sink Large Storage Unit Compact Battery Advanced Signal Interpreter Particle Charger Relay Coupler [Grunt] Relay Coupler [Sentry] Heavy Particle Gun Coil Gun Grenade Launcher Datajack CPS Tube CPS Tube CPS Tube CPS Tube CPS Tube Mace [Rating: 61] Favorites ----------- Power Improved Ion Engine Engine Improved Ion Engine Power Core Hybrid Fission Core Propulsion Light Treads Treads Light Treads Utility Improved Targeting Computer Device Particle Charger Storage Large Storage Unit Processor Improved Targeting Computer Protection Heavy Armor Plating Weapon Precision Beam Rifle Energy Gun Precision Beam Rifle Energy Cannon Latent Energy Streamer Ballistic Gun Autogun Launcher Grenade Launcher Special Weapon CPS Tube Impact Weapon Mace Special Melee Weapon Datajack Build | -11 -10 -10 -10 -9 -8 -8 -8 -8 -8 -6 ------- Run | Yrd Mat Min Exi Min Mat Sto Gar Rec Scr Fac Slots Evolved 8 | . . . . . 4 . . . . 4 Power 1 | . . . . . 1 . . . . . Propulsion 2 | . . . . . 1 . . . . 1 Utility 4 | . . . . . 2 . . . . 2 Weapon 1 | . . . . . . . . . . 1 Parts Attached 51 | 6 12 2 . . 8 7 2 1 3 10 Power 9 | 1 1 1 . . 2 1 . . 1 2 Engine 7 | 1 1 1 . . 2 1 . . 1 . Core 2 | . . . . . . . . . . 2 Reactor . | . . . . . . . . . . . Propulsion 7 | 2 2 . . . . . 1 1 1 . Treads 7 | 2 2 . . . . . 1 1 1 . Leg . | . . . . . . . . . . . Wheel . | . . . . . . . . . . . Hover . | . . . . . . . . . . . Flight . | . . . . . . . . . . . Utility 12 | 1 5 . . . 2 . . . 1 3 Device 7 | . 2 . . . 2 . . . 1 2 Storage 3 | 1 2 . . . . . . . . . Processor 1 | . 1 . . . . . . . . . Hackware . | . . . . . . . . . . . Protection 1 | . . . . . . . . . . 1 Artifact . | . . . . . . . . . . . Weapon 23 | 2 4 1 . . 4 6 1 . . 5 Energy Gun 9 | 1 1 . . . 2 5 . . . . Energy Cannon 1 | . . . . . 1 . . . . . Ballistic Gun 8 | 1 3 1 . . 1 . . . . 2 Ballistic Cannon . | . . . . . . . . . . . Launcher 1 | . . . . . . . 1 . . . Special Weapon 2 | . . . . . . . . . . 2 Impact Weapon 1 | . . . . . . 1 . . . . Slashing Weapon . | . . . . . . . . . . . Piercing Weapon . | . . . . . . . . . . . Special Melee Weapon 1 | . . . . . . . . . . 1 Unidentified Prototypes 7 | . . . . . . 6 . . . 1 Parts Lost 21 | . 4 2 . . 2 . . . . 13 Power 3 | . 1 1 . . . . . . . 1 Propulsion 7 | . 1 . . . 2 . . . . 4 Utility 5 | . 1 . . . . . . . . 4 Weapon 6 | . 1 1 . . . . . . . 4 Highest Loss Streak 13 | . 2 2 . . 2 . . . . 13 To Critical Strikes . | . . . . . . . . . . . Average Backups 14 | 1 9 13 14 14 13 13 13 14 17 18 Power 1 | . 1 1 1 1 . 1 1 2 1 1 Propulsion . | . 1 1 1 1 . . . . . . Utility 5 | . 2 5 6 6 5 6 7 7 6 7 Weapon 4 | . 4 5 6 6 6 5 4 4 4 3 Tool/Special . | . . . . . . . . . . . Unused Backups 20 | . 3 . 1 1 . 1 1 1 1 11 Power 1 | . . . . . . . . . . 1 Propulsion 1 | . 1 . . . . . . . . . Utility 11 | . 1 . . 1 . . . 1 1 7 Weapon 4 | . 1 . 1 . . 1 1 . . . Tool/Special 3 | . . . . . . . . . . 3 Average Slot Usage (%) 93 | . 93 99 100 100 88 80 82 97 100 89 Engine 14 | . 14 13 14 14 18 18 18 18 18 4 Core 1 | . . . . . . . . . . 7 Treads 23 | . 27 28 28 28 19 9 10 25 27 24 Device 11 | . 5 . . . 14 18 18 18 18 12 Storage 10 | . 14 14 14 14 9 9 9 9 9 5 Processor 8 | . 2 14 14 14 9 9 9 9 9 5 Energy Gun 11 | . 13 . . . 10 9 11 18 18 9 Ballistic Gun 8 | . 14 28 28 28 7 . . . . 6 Impact Weapon 1 | . . . . . . 8 5 . . 2 Peak Build Rating 61 | 6 12 12 13 13 30 24 32 30 34 61 Average Rating 25 | 4 10 11 12 13 21 23 25 29 31 49 On Entrance 17 | . 6 11 12 13 13 20 24 28 30 34 Avg Prop Armor Cover (%) . | . . . . . . . . . . . Naked Turns 11 | . . . . . . . . . . 11 Heaviest Build 91 | 13 53 31 31 31 49 43 44 44 64 91 Greatest Support 85 | 40 40 40 40 40 60 20 40 63 65 85 Greatest Overweight (x) 7 | . 2 . . . 2 2 2 1 1 7 Average Overweight (x) . | . . . . . . 1 1 . . . Largest Inventory Capacity 20 | 8 20 15 15 15 15 15 15 15 20 20 Average Capacity 16 | 6 14 15 15 15 15 15 15 15 18 19 Most Carried 20 | 3 15 15 15 15 15 15 15 15 20 20 Average Carried 15 | 1 9 14 14 14 14 14 14 14 18 18 Final Capacity 20 | 8 15 15 15 15 15 15 15 15 20 5 Final Carried 20 | 3 13 15 15 15 15 14 15 15 20 5 Class Distribution -------------------- 93% | Mutant 5% | Gunner Dominant Class ---------------- Mutant | -10/Materials Mutant | -10/Mines Mutant | -10/Exiles Mutant | -9/Mines Mutant | -8/Materials Mutant | -8/Storage Mutant | -8/Garrison Mutant | -8/Recycling Mutant | -8/Scraptown Mutant | -6/Factory Resources | -11 -10 -10 -10 -9 -8 -8 -8 -8 -8 -6 ----------- Run | Yrd Mat Min Exi Min Mat Sto Gar Rec Scr Fac Matter Collected 1309 | 254 256 173 . 28 110 . 59 236 55 138 Remotely . | . . . . . . . . . . . Salvage Created 1924 | 15 451 122 . 55 353 . 59 . . 869 Parts 127 | 5 40 9 . 2 19 . 4 . . 48 Haulers Intercepted . | . . . . . . . . . . . Recyclers Shooed . | . . . . . . . . . . . Parts Field Recycled . | . . . . . . . . . . . Retrieved Matter . | . . . . . . . . . . . Parts Self-Destructed . | . . . . . . . . . . . Prevented . | . . . . . . . . . . . Parts Restored . | . . . . . . . . . . . Kills | -11 -10 -10 -10 -9 -8 -8 -8 -8 -8 -6 ------- Run | Yrd Mat Min Exi Min Mat Sto Gar Rec Scr Fac Combat Hostiles Destroyed 45 | . 18 4 . 1 9 . 1 . . 12 Guns 29 | . 18 4 . 1 1 . 1 . . 4 AOE 15 | . . . . . 7 . . . . 8 Classes Destroyed 8 | 1 3 . . . 1 . . . . 3 Builder 6 | . . . . . . . . . . 6 Tunneler 1 | 1 . . . . . . . . . . Watcher 2 | . 2 . . . . . . . . . Swarmer 18 | . 12 2 . . 4 . . . . . Grunt 22 | . 6 2 . 1 4 . . . . 9 Sentry 3 | . . . . . 1 . 1 . . 1 Programmer 1 | . . . . . . . . . . 1 Heavy 1 | . . . . . . . . . . 1 Best Kill Streak 8 | 1 6 2 . 1 6 . 1 . . 8 Combat Bots Only 6 | . 6 2 . 1 6 . 1 . . 5 Max Kills in Single Turn 7 | 1 2 1 . 1 6 . 1 . . 7 Gunslinging 1 | . 1 . . . . . . . . . Exploded 6 | . . . . . 6 . . . . 4 Melee . | . . . . . . . . . . . Uniques/NPCs Destroyed . | . . . . . . . . . . . Combat | -11 -10 -10 -10 -9 -8 -8 -8 -8 -8 -6 -------- Run | Yrd Mat Min Exi Min Mat Sto Gar Rec Scr Fac Hostile Shots Fired 400 | . 125 24 . . 15 . 2 . . 234 Missed 107 | . 30 1 . . 4 . 1 . . 71 Hits 293 | . 95 23 . . 11 . 1 . . 163 Projectile 293 | . 95 23 . . 11 . 1 . . 163 Critical Strikes 9 | . . 1 . . 1 . . . . 7 Part Disruptions 1 | . . . . . . . . . . 1 Damage Taken 3841 | . 722 368 . . 169 . 20 . . 2562 Core 967 | . 61 51 . . . . . . . 855 Absorbed by Shields 401 | . 95 . . . . . . . . 306 Regen/Repaired (Parts) 291 | . 40 . . . . . . . . 251 Core Remaining (%) 85 | 100 . . . 55 . . . . 100 . Volleys Fired 105 | 3 52 11 . 1 9 1 6 . . 22 Largest 3 | 2 2 2 . 2 2 2 2 . . 3 Hottest 136 | 70 79 46 . 46 121 121 121 . . 136 Shots Fired 223 | 6 103 22 . 2 14 3 9 1 . 63 Gun 208 | 6 103 22 . 2 11 3 4 1 . 56 Cannon 9 | . . . . . 3 . 1 . . 5 Launcher 5 | . . . . . . . 4 . . 1 Special 1 | . . . . . . . . . . 1 Kinetic 101 | 3 53 22 . 2 . . . . . 21 Thermal 107 | 3 50 . . . 11 3 4 1 . 35 Explosive 5 | . . . . . . . 4 . . 1 Electromagnetic 9 | . . . . . 3 . 1 . . 5 Robot Hit Streak 20 | 2 8 7 . 5 9 . 2 . . 20 Robot Miss Streak 5 | 2 5 3 . . 3 . . . . 1 Penetration Max . | . . . . . . . . . . . Secondary Targets 5 | . 4 1 . . . . . . . . Max Gunslinging Chain 1 | . 1 1 . . . . . . . . Shots Hit Robots 143 | 3 60 16 . 2 9 . 1 . . 52 Core Hits 87 | 1 24 7 . 3 10 . 1 . . 41 Critical Kills . | . . . . . . . . . . . Critical Parts Destroyed . | . . . . . . . . . . . Critical Strikes 7 | . 3 . . . 3 . . . . 1 Burn 7 | . 3 . . . 3 . . . . 1 Melee Attacks 24 | . . . . . . 1 4 . . 19 Impact 23 | . . . . . . 1 4 . . 18 Slashing . | . . . . . . . . . . . Piercing . | . . . . . . . . . . . Sneak Attacks . | . . . . . . . . . . . Combat Hostiles . | . . . . . . . . . . . Follow-up Attacks . | . . . . . . . . . . . Damage Inflicted 5385 | 30 882 271 . 34 1216 . 25 . . 2927 Guns 2300 | 30 882 271 . 34 102 . 25 . . 956 Cannons 54 | . . . . . 23 . . . . 31 Explosions 3027 | . . . . . 1091 . . . . 1936 Melee . | . . . . . . . . . . . Ramming 4 | . . . . . . . . . . 4 Kinetic 1107 | 6 421 271 . 34 . . . . . 375 Thermal 1442 | 24 461 . . . 174 . 25 . . 758 Explosive 350 | . . . . . 203 . . . . 147 Electromagnetic 2482 | . . . . . 839 . . . . 1643 Impact . | . . . . . . . . . . . Slashing . | . . . . . . . . . . . Piercing . | . . . . . . . . . . . Highest Corruption 15 | . . . . . 9 9 12 12 . 15 Average Corruption 8 | . . . . . 6 9 10 12 . 5 Corruption Purged . | . . . . . . . . . . . Corruption Blocked . | . . . . . . . . . . . Effects 91 | . . . . . 11 13 25 16 . 26 Message Errors 19 | . . . . . 2 2 6 2 . 7 Matter Fused 23 | . . . . . 4 4 6 6 . 3 Heat Flow Errors 10 | . . . . . . 1 6 2 . 1 Energy Discharges 11 | . . . . . 1 1 2 1 . 6 Parts Rejected 1 | . . . . . . . . . . 1 Parts Fused 1 | . . . . . . 1 . . . . Data Loss (minor) 10 | . . . . . 1 2 3 2 . 2 Data Loss (major) 6 | . . . . . 1 1 1 . . 3 Misfires 5 | . . . . . . 1 1 1 . 2 Alerts 3 | . . . . . 1 . . 2 . . Misdirections 1 | . . . . . . . . . . 1 Weapon Failures 1 | . . . . . 1 . . . . . Overload Shots . | . . . . . . . . . . . Overflow Damage 109 | . . . . . 36 . . . . 73 Projectiles . | . . . . . . . . . . . Explosions 109 | . . . . . 36 . . . . 73 Melee . | . . . . . . . . . . . Knockbacks . | . . . . . . . . . . . Impact . | . . . . . . . . . . . Kinetic . | . . . . . . . . . . . Secondary . | . . . . . . . . . . . Self-Inflicted Damage 54 | . . . . . . . 6 . . 48 Shots 2 | . . . . . . . 1 . . 1 Rammed 2 | . . . . . . . . . . 2 Targets Rammed 2 | . . . . . . . . . . 2 Kicked . | . . . . . . . . . . . Crushed . | . . . . . . . . . . . Highest Temperature 262 | 40 262 47 . 6 84 91 249 120 . 252 Average Temperature 75 | 19 94 20 . 4 38 38 81 62 . 67 Received Heat Transfer 926 | . 94 156 . . 117 . 9 . . 550 Effects 1 | . 1 . . . . . . . . . Energy Bleed 1 | . 1 . . . . . . . . . Siege Activations . | . . . . . . . . . . . Martial Activations . | . . . . . . . . . . . Shielding Activations . | . . . . . . . . . . . Robots Disrupted . | . . . . . . . . . . . Combat Hostiles . | . . . . . . . . . . . Robots Corrupted 1 | . . . . . 1 . . . . . Combat Hostiles 1 | . . . . . 1 . . . . . Parts Fried 7 | . . . . . 1 . . . . 6 Impact Corruptions . | . . . . . . . . . . . Robots Melted . | . . . . . . . . . . . Combat Hostiles . | . . . . . . . . . . . Parts Melted 6 | . 4 . . . . . . . . 2 Heat Transferred 3339 | 74 1406 . . . 494 . 37 . . 1328 Parts Sabotaged . | . . . . . . . . . . . Parts Stolen . | . . . . . . . . . . . Parts Stripped . | . . . . . . . . . . . Power Chain Reactions 2 | . . . . . 1 . . . . 1 Latent Energy Used 1164 | . . . . . 554 . 153 . . 457 LE Corruption 21 | . . . . . 9 . 3 . . 9 Alert | -11 -10 -10 -10 -9 -8 -8 -8 -8 -8 -6 ------- Run | Yrd Mat Min Exi Min Mat Sto Gar Rec Scr Fac Maximum Alert Level 1 | . . . . . 1 . . . . 1 Low Security (%) 91 | 100 100 100 . 100 19 100 100 100 . 96 Level 1 8 | . . . . . 80 . . . . 3 Level 2 . | . . . . . . . . . . . Level 3 . | . . . . . . . . . . . Level 4 . | . . . . . . . . . . . Level 5 . | . . . . . . . . . . . High Security . | . . . . . . . . . . . Max Security . | . . . . . . . . . . . Peak Influence 388 | 5 190 69 . 81 388 135 195 87 . 287 Initial 130 | . . 34 . . 3 130 2 87 . . Average 77 | . 72 15 . 46 260 68 128 23 . 32 Influence Increases 2010 | 5 454 130 . 81 578 23 193 11 . 535 Destroy 0b10 Robot/C 1020 | . 360 80 . 60 260 . 20 . . 240 Destroy 0b10 Robot/NC 45 | 5 10 . . . . . . . . 30 Destroy Leader 204 | . 64 20 . 10 50 . . . . 60 Allied During Kill 43 | . . . . 11 32 . . . . . Successful Hack 50 | . 17 . . . . 8 14 11 . . Disable Machine 195 | . . 15 . . 105 15 . . . 60 Anti-Garrison Action 100 | . . . . . . . 100 . . . Destroy Structure 218 | . 3 . . . 101 . 59 . . 55 Partial Spotted 45 | . . . . . . . . . . 45 Lose Combat Pursuer 90 | . . 15 . . 30 . . . . 45 Influence Decreases 1825 | 5 365 219 . 70 281 327 2 206 . 350 Entered New Map 351 | . . 55 . . 8 178 2 108 . . Time Decay 1204 | 5 325 144 . 70 193 149 . 98 . 220 Lost Part 210 | . 40 20 . . 20 . . . . 130 Lost Ally 60 | . . . . . 60 . . . . . Squads Dispatched 9 | . 2 . . . 1 . . . . 6 Investigation 4 | . 2 . . . . . . . . 2 Extermination 1 | . . . . . . . . . . 1 Reinforcement 4 | . . . . . 1 . . . . 3 Assault . | . . . . . . . . . . . Garrison . | . . . . . . . . . . . Intercept . | . . . . . . . . . . . Searches Triggered . | . . . . . . . . . . . Construction Impeded 2 | . . . . . . . . . . 2 Haulers Reinforced . | . . . . . . . . . . . Active Scanning Responses . | . . . . . . . . . . . Cargo Convoy Interrupts 1 | . . . . . . . . . . 1 Stealth | -11 -10 -10 -10 -9 -8 -8 -8 -8 -8 -6 --------- Run | Yrd Mat Min Exi Min Mat Sto Gar Rec Scr Fac Distress Signals 2 | . 2 . . . . . . . . . Communications Jammed . | . . . . . . . . . . . Distress Signals . | . . . . . . . . . . . Times Spotted 74 | . 27 5 . 2 5 . 1 . . 34 Peak Tracking Total 15 | . 5 3 . 2 7 . . . . 15 Tactical Retreats 5 | . . 1 . . 2 . . . . 2 Traps | -11 -10 -10 -10 -9 -8 -8 -8 -8 -8 -6 ------- Run | Yrd Mat Min Exi Min Mat Sto Gar Rec Scr Fac Traps Triggered 9 | . 2 1 . . . . 5 . . 1 Indirectly . | . . . . . . . . . . . Trap Hack Attempts . | . . . . . . . . . . . Triggered . | . . . . . . . . . . . Disarmed . | . . . . . . . . . . . Reprogrammed . | . . . . . . . . . . . Reused . | . . . . . . . . . . . Traps Extracted . | . . . . . . . . . . . Installed . | . . . . . . . . . . . Triggered . | . . . . . . . . . . . Machines | -11 -10 -10 -10 -9 -8 -8 -8 -8 -8 -6 ---------- Run | Yrd Mat Min Exi Min Mat Sto Gar Rec Scr Fac Machines Disabled 16 | . . 1 . . 7 1 3 . . 4 Max in Single Turn 2 | . . 1 . . 2 1 2 . . 2 Garrison Relay 1 | . . . . . . . 1 . . . Phase Generator 1 | . . . . . . . 1 . . . Machines Repaired . | . . . . . . . . . . . Machines Dismantled . | . . . . . . . . . . . Machines Sabotaged . | . . . . . . . . . . . Overloaded Fab Kills . | . . . . . . . . . . . Hacking | -11 -10 -10 -10 -9 -8 -8 -8 -8 -8 -6 --------- Run | Yrd Mat Min Exi Min Mat Sto Gar Rec Scr Fac Machines Accessed 27 | . 10 1 4 . 1 2 1 4 . 4 Terminals 14 | . 8 . . . 1 1 1 3 . . Fabricators . | . . . . . . . . . . . Repair Stations 2 | . 1 . . . . . . . . 1 Recycling Units 3 | . 1 . . . . . . 1 . 1 Scanalyzers 1 | . . . . . . . . . . 1 Garrison Access 2 | . . . . . . 1 . . . 1 Total Hacks 64 | . 26 1 5 . 2 7 2 10 . 11 Successful 35 | . 13 1 5 . . 3 1 3 . 9 Failed 28 | . 12 . . . 2 4 1 7 . 2 Catastrophic 5 | . 1 . . . 2 1 1 . . . Database Lockouts 1 | . 1 . . . . . . . . . Manual 29 | . 19 . 1 . . 2 . 5 . 2 Terminals 42 | . 24 . . . 2 5 2 9 . . Fabricators . | . . . . . . . . . . . Repair Stations 5 | . 1 . . . . . . . . 4 Recycling Units 3 | . 1 . . . . . . 1 . 1 Scanalyzers 3 | . . . . . . . . . . 3 Garrison Access 5 | . . . . . . 2 . . . 3 Terminal Hacks 14 | . 4 1 5 . . 2 1 1 . . Record 4 | . . . 4 . . . . . . . Part Schematic 1 | . . . . . . 1 . . . . Robot Schematic 1 | . 1 . . . . . . . . . Robot Analysis 1 | . 1 . . . . . . . . . Open Door 1 | . . 1 . . . . . . . . Branch Access Points 1 | . . . . . . . . 1 . . Emergency Access Points 2 | . . . . . . 1 1 . . . Terminal Index 1 | . 1 . . . . . . . . . Registered Components 1 | . 1 . . . . . . . . . Proto ID Catalog 1 | . . . 1 . . . . . . . Fabricator Hacks . | . . . . . . . . . . . Repair Station Hacks 4 | . . . . . . . . . . 4 Scan Component 2 | . . . . . . . . . . 2 Repair 2 | . . . . . . . . . . 2 Recycling Unit Hacks 3 | . 1 . . . . . . 1 . 1 Report Inventory 2 | . 1 . . . . . . 1 . . Retrieve Components 1 | . . . . . . . . . . 1 Scanalyzer 3 | . . . . . . . . . . 3 Insert Component 1 | . . . . . . . . . . 1 Analyze 2 | . . . . . . . . . . 2 Garrison Access Hacks 2 | . . . . . . 1 . . . 1 Unlock Access 1 | . . . . . . 1 . . . . Coupler Status 1 | . . . . . . . . . . 1 Unauthorized Hacks 9 | . 8 . . . . . . 1 . . Terminals 8 | . 7 . . . . . . 1 . . Botnet 2 | . 1 . . . . . . 1 . . Operators 1 | . 1 . . . . . . . . . Skim 5 | . 5 . . . . . . . . . Fabricators . | . . . . . . . . . . . Repair Stations 1 | . 1 . . . . . . . . . Patch 1 | . 1 . . . . . . . . . Recycling Units . | . . . . . . . . . . . Scanalyzers . | . . . . . . . . . . . Garrison Access . | . . . . . . . . . . . Data Cores Recovered . | . . . . . . . . . . . Used . | . . . . . . . . . . . Hacking Detections 19 | . 8 . . . 1 1 1 4 . 4 Full Trace Events 4 | . . . . . 1 . . 1 . 2 Feedback Events . | . . . . . . . . . . . Feedback Blocked . | . . . . . . . . . . . Robot Schematics Acquired 1 | . 1 . . . . . . . . . Robots Built . | . . . . . . . . . . . Authchips . | . . . . . . . . . . . Time . | . . . . . . . . . . . Total Robot Build Rating . | . . . . . . . . . . . Part Schematics Acquired 2 | . . . . . . 1 . . . 1 Parts Built . | . . . . . . . . . . . Authchips . | . . . . . . . . . . . Time . | . . . . . . . . . . . Total Part Build Rating . | . . . . . . . . . . . Part Studies Acquired . | . . . . . . . . . . . Parts Repaired 2 | . . . . . . . . . . 2 Time 58 | . . . . . . . . . . 58 Parts Recycled . | . . . . . . . . . . . Recycled Matter . | . . . . . . . . . . . Retrieved Matter . | . . . . . . . . . . . Retrieved Components . | . . . . . . . . . . . Parts Scanalyzed 1 | . . . . . . . . . . 1 Part Schematics Acquired 1 | . . . . . . . . . . 1 Parts Damaged . | . . . . . . . . . . . Bothacking | -11 -10 -10 -10 -9 -8 -8 -8 -8 -8 -6 ------------ Run | Yrd Mat Min Exi Min Mat Sto Gar Rec Scr Fac Used RIF Installer 2 | . . . . . . . 2 . . . Coupler Efficiency 1 | . . . . . . . 1 . . . Robots Hacked 1 | . . . . . . . . . . 1 Non-combat . | . . . . . . . . . . . Combat 1 | . . . . . . . . . . 1 Robot Hacks Applied 1 | . . . . . . . . . . 1 parse_system 1 | . . . . . . . . . . 1 Relay Couplers Released 5 | . . . . . . . 5 . . . Machine Destruction 5 | . . . . . . . 5 . . . Fabnet Peak Effective % . | . . . . . . . . . . . Robots Rewired . | . . . . . . . . . . . Allies Hacked . | . . . . . . . . . . . Hacks Repelled . | . . . . . . . . . . . Allies | -11 -10 -10 -10 -9 -8 -8 -8 -8 -8 -6 -------- Run | Yrd Mat Min Exi Min Mat Sto Gar Rec Scr Fac Total Allies 4 | . . 4 . . . . . . . . Largest Group 4 | . . 4 3 3 3 . . . . . Highest-Rated Group 71 | . . 71 40 40 40 . . . . . Highest-Rated Ally 31 | . . 31 16 16 16 . . . . . Total Orders . | . . . . . . . . . . . Ally Attacks 23 | . . . . 7 16 . . . . . Total Damage 231 | . . . . 88 143 . . . . . Kills 6 | . . . . 2 4 . . . . . Allies Corrupted . | . . . . . . . . . . . Allies Melted . | . . . . . . . . . . . Intel | -11 -10 -10 -10 -9 -8 -8 -8 -8 -8 -6 ------- Run | Yrd Mat Min Exi Min Mat Sto Gar Rec Scr Fac Active Infowar (turns) 51 | . 51 . . . . . . . . . Structural 51 | . 51 . . . . . . . . . Robot Analysis Total 1 | . 1 . . . . . . . . . Derelict Logs Recovered 2 | . . 1 . 1 . . . . . . Drone Launches . | . . . . . . . . . . . Drone Recoveries . | . . . . . . . . . . . Exploration | -11 -10 -10 -10 -9 -8 -8 -8 -8 -8 -6 ------------- Run | Yrd Mat Min Exi Min Mat Sto Gar Rec Scr Fac Turns Passed 7212 | 84 1185 645 412 150 486 330 689 367 1840 1024 Spaces Moved 3464 | 42 546 359 257 89 218 97 213 214 1016 413 Core 26 | 2 . . . . . . . . . 24 Treads 3438 | 40 546 359 257 89 218 97 213 214 1016 389 Legs . | . . . . . . . . . . . Wheels . | . . . . . . . . . . . Hover . | . . . . . . . . . . . Flight . | . . . . . . . . . . . Fastest Speed 50 | 50 160 160 160 160 160 240 240 160 155 50 Average Speed 185 | 154 180 160 160 160 202 316 301 170 179 159 Slowest Speed 400 | 160 320 160 160 160 320 320 320 240 240 400 Overloaded Moves . | . . . . . . . . . . . Propulsion Burnouts . | . . . . . . . . . . . Robots Hopped . | . . . . . . . . . . . Potential Cave-ins 3 | . . . . . . . 3 . . . Cave-ins Triggered . | . . . . . . . . . . . Exploration Rate (%) 36 | 3 86 60 61 24 18 14 31 38 58 11 Regions Visited 10 Branch Regions 6 Pre-discovered Areas 1 | . . . 1 . . . . . . . Known Exits Taken 3 | . 1 . . . 1 1 . . . . Unknown Exits Taken 6 | 1 . 1 1 1 . . . 1 1 . Scrap Searched 6 | . . . . . . . . . 6 . Spaces Dug 42 | . . . . . . . 30 . . 12 Terrain Destroyed 281 | . . . . . 111 . 103 . . 67 Melee 13 | . . . . . . . 1 . . 12 Projectile . | . . . . . . . . . . . AOE 268 | . . . . . 111 . 102 . . 55 Terrain Rammed . | . . . . . . . . . . . Walls Destroyed . | . . . . . . . . . . . Machines Disabled . | . . . . . . . . . . . Actions | -11 -10 -10 -10 -9 -8 -8 -8 -8 -8 -6 --------- Run | Yrd Mat Min Exi Min Mat Sto Gar Rec Scr Fac Total 4010 | 53 650 411 258 95 245 117 244 216 1033 688 Wait 250 | . 13 37 . 4 4 . 4 . . 188 Move 3455 | 41 545 358 256 88 217 97 212 213 1015 413 Hop . | . . . . . . . . . . . Pick Up 47 | 3 16 3 1 1 4 . 3 1 9 6 Fast Attach 30 | 6 8 . . . 1 7 1 1 . 6 Attach 11 | . 2 2 . . 3 . . . . 4 Detach 4 | . 1 . . . . 2 . . . 1 Swap 37 | . 5 . . . 6 1 4 . 4 17 Drop 36 | . 8 . 1 1 1 8 2 1 5 9 Fire 105 | 3 52 11 . 1 9 1 6 . . 22 Melee 24 | . . . . . . 1 4 . . 19 Ram 1 | . . . . . . . . . . 1 Kick . | . . . . . . . . . . . Crush 2 | . . . . . . . . . . 2 Escape Stasis 8 | . . . . . . . 8 . . . Rewire . | . . . . . . . . . . . Trap . | . . . . . . . . . . . Miscellaneous . | . . . . . . . . . . . Route ------- -11/Scrapyard -10/Materials (discovered 6 exits: *Mat x3 / *Min x2 / Sub) -10/Mines (discovered 4 exits: *Mat x2 / *Exi / Sub) -10/Exiles -9/Mines -8/Materials -8/Storage (discovered 2 exits: Rec / Gar) -8/Garrison -8/Recycling -8/Scraptown -6/Factory History --------- Turn | Location | Event 10 | -11/Scrapyard | Discovered new exit (range 16) 85 | -11/Scrapyard | Entered Materials 317 | -10/Materials | Build established: Mutant 372 | -10/Materials | Discovered new exit (range 9) 513 | -10/Materials | Discovered new exit (range 6) 651 | -10/Materials | Central database locked down 684 | -10/Materials | Learned Storage emergency access door positions 751 | -10/Materials | Learned Storage stockpile data 808 | -10/Materials | Identified exit to Mines 808 | -10/Materials | Identified exit to Subcaves 814 | -10/Materials | Discovered new exit (range 15) 855 | -10/Materials | Learned Storage emergency access door positions 891 | -10/Materials | Learned location of 2 exits from Mines 915 | -10/Materials | Learned location of 1 exit from Storage 950 | -10/Materials | Identified exit to Materials 1270 | -10/Materials | Entered Mines 1337 | -10/Mines | Met a Derelict who couldn't figure out how to use a Trap Extractor 1417 | -10/Mines | Learned Materials emergency access door positions 1636 | -10/Mines | Discovered exit to Materials (range 8) 1639 | -10/Mines | Received a Mining Laser from a helpful Derelict 1710 | -10/Mines | Assisted by bots powering up and referring to "LRC-V3" 1902 | -10/Mines | Deemed a non-threat by the Exiles lab entrance 1902 | -10/Mines | Discovered new exit (range 5) 1915 | -10/Mines | Entered Exiles 1915 | -10/Exiles | Accompanied by 3 allies 1954 | -10/Exiles | Met 8R-AWN 1983 | -10/Exiles | Met EX-HEX 2040 | -10/Exiles | Met EX-BIN 2059 | -10/Exiles | Aligned with FarCom system 2061 | -10/Exiles | Given EX-Vault access code 2117 | -10/Exiles | Opened EX-Vault 2127 | -10/Exiles | Found Latent Energy Streamer 2187 | -10/Exiles | Warned to stay clear of 0b10 Research branches 2232 | -10/Exiles | Met EX-DEC 2242 | -10/Exiles | Learned location of Zion (-7) 2307 | -10/Exiles | Discovered new exit (range 14) 2327 | -10/Exiles | Left Exiles lab with Latent Energy Streamer 2327 | -10/Exiles | Entered Mines 2327 | -9/Mines | Accompanied by 3 allies 2385 | -9/Mines | Learned Materials security intel 2461 | -9/Mines | Discovered new exit (range 10) 2477 | -9/Mines | Entered Materials 2477 | -8/Materials | Accompanied by 3 allies 2477 | -8/Materials | Evolved 4 slots: Power x1, Propulsion x1, Utility x2 2478 | -8/Materials | Identified exit to Storage 2963 | -8/Materials | Entered Storage 2964 | -8/Storage | Identified exit to Recycling 3293 | -8/Storage | Identified exit to Garrison 3293 | -8/Storage | Entered Garrison 3438 | -8/Garrison | Garrison Relay disabled 3541 | -8/Garrison | Phase Generator disabled 3542 | -8/Garrison | System corruption reached 10% 3854 | -8/Garrison | Installed Relay Interface Framework 3927 | -8/Garrison | Expanded RIF knowledge: Coupler Efficiency 3941 | -8/Garrison | Discovered exit to Recycling (range 10) 3982 | -8/Garrison | Entered Recycling 4310 | -8/Recycling | Scanned before Scraplab entrance 4347 | -8/Recycling | Discovered new exit (range 2) 4349 | -8/Recycling | Entered Scraptown 4349 | -8/Scraptown | System corruption cleaned by C-Scrubber 4658 | -8/Scraptown | Discovered new exit (range 5) 4785 | -8/Scraptown | Heard Great Nut preacher, LISTEN AND RECITE! 4825 | -8/Scraptown | Visited CPS Storage 4909 | -8/Scraptown | Turned away by UFD registrar 5358 | -8/Scraptown | Visited SPCMW 5437 | -8/Scraptown | Visited Bundlers 5597 | -8/Scraptown | Visited IN-MT5's Study 5651 | -8/Scraptown | Visited Cyclists 5718 | -8/Scraptown | Visited Shadow of the Wyrm 6189 | -8/Scraptown | Entered Factory 6189 | -6/Factory | Evolved 4 slots: Propulsion x1, Utility x2, Weapon x1 6521 | -6/Factory | Build established: Gunner 6897 | -6/Factory | Repaired Imp. Treads 6925 | -6/Factory | Repaired Lgt. Treads 7043 | -6/Factory | Build established: Mutant 7137 | -6/Factory | System corruption reached 10% 7140 | -6/Factory | Attached CPS modules to H-61 Shepherd. 7187 | -6/Factory | Cargo convoy interrupted 7203 | -6/Factory | Core integrity fell below 50% 7209 | -6/Factory | Core integrity fell below 20% 7213 | -6/Factory | Destroyed by H-66 Slayer with Gauss Rifle Last Messages --------------- 07202_ K-01 Serf collects debris. 07203_ U-05 Engineer lays Concrete. 07203_ Penetrated by Slug. 07203_ K-01 Serf collects debris. 07205_ Penetrated by Slug. 07205_ U-05 Engineer lays Concrete. 07206_ K-01 Serf collects debris. 07206_ Penetrated by Slug. 07206_ Pressure Siphon disabled. 07206_ Penetrated by Slug. 07206_ K-01 Serf collects debris. 07207_ U-05 Engineer lays Concrete. 07208_ Slug penetrates Wall. 07208_ Penetrated by Slug. 07208_ U-05 Engineer lays Concrete. 07209_ Slug penetrates Wall. 07210_ K-01 Serf collects debris. 07210_ U-05 Engineer lays Concrete. 07213_ IY%F6 UK XMDG4SASLUPDIZ=X